 Dungeon Sprint DCSS version 0.21-a0-278-ga722497 (webtiles) character file.

1034 vatarom the Cruncher (level 8, -4/71 HPs)
             Began as a Demonspawn Gladiator on Sept 21, 2017.
             Slain by a vampire mosquito (5 damage)
             ... in the Dungeon (Sprint II: "The Violet Keep of Menkaure").
             The game lasted 00:02:03 (848 turns).

vatarom the Cruncher (Demonspawn Gladiator)          Turns: 848, Time: 00:02:04

Health: -4/71      AC:  8    Str: 12    XL:     8   Next: 3%
Magic:  8/8        EV: 16    Int: 10    God:
Gold:   810        SH:  0    Dex: 17    Spells: 7/7 levels left

rFire    . . .     SeeInvis .   a - +0 quarterstaff
rCold    . . .     Gourm    .   (shield currently unavailable)
rNeg     . . .     Faith    .   g - +0 ring mail of the Guilds {+Fly rElec MR-} (curse)
rPois    .         Spirit   .   c - +0 helmet
rElec    +         Reflect  .   (no cloak)
rCorr    .         Harm     .   (no gloves)
MR       .....     NoTele   +   (no boots)
Stlth    +.........             (no amulet)
HPRegen  0.21/turn              (no ring)
MPRegen  0.11/turn              (no ring)

@: very slow
A: claws 2, icy blue scales 1, weak 1
a: Evoke Flight


You were in the Dungeon.
You were not hungry.

You visited 1 branch You collected 972 gold pieces.
You spent 162 gold pieces at shops.

Inventory:

Hand Weapons
 a - a +0 quarterstaff (weapon)
Missiles
 d - 3 throwing nets (quivered)
Armour
 b - a +0 leather armour
 c - a +0 helmet (worn)
 g - the cursed +0 ring mail of the Guilds (worn) {+Fly rElec MR-}
   (You bought it in a shop in the Dungeon)

   It insulates you from electricity.
   It affects your resistance to hostile enchantments.
   It lets you fly.
   It has a curse placed upon it.
Scrolls
 k - a scroll of blinking
Potions
 e - a potion of curing
 i - 2 potions of magic
Comestibles
 f - a bread ration


   Skills:
 + Level 9.1 Fighting
 * Level 11.6 Staves
 - Level 1.7 Throwing
 + Level 8.5 Dodging


You had 7 spell levels left.
You didn't know any spells.

Dungeon Overview and Level Annotations

Branches:
Dungeon (1/1)

Altars:

Shops:
D =:::![=?[[%[}((!

Annotations:
D exclusion: oklob plant, Roxanne


Innate Abilities, Weirdness & Mutations

You have very sharp fingernails.
You are partially covered in icy blue scales. (AC +2)
You are weak. (Str -2)


Message History

The vampire mosquito bites you.
* * * LOW HITPOINT WARNING * * *
The vampire mosquito draws strength from your injuries!
The vampire mosquito bites you.
* * * LOW HITPOINT WARNING * * *
The vampire mosquito draws strength from your injuries!
The vampire mosquito completely misses you.
The vampire mosquito closely misses you.
The vampire mosquito bites you.
* * * LOW HITPOINT WARNING * * *
The vampire mosquito draws strength from your injuries!
The vampire mosquito bites you.
* * * LOW HITPOINT WARNING * * *
The vampire mosquito draws strength from your injuries!
The vampire mosquito bites you!
* * * LOW HITPOINT WARNING * * *
The vampire mosquito draws strength from your injuries!
Unknown command.
The vampire mosquito bites you.
You die...

##........#≈≈≈≈.##+##..#
##...⌠....#≈≈≈≈##.#.##.####
##..∩.∩...#≈≈≈≈#.†#†.#....#
##.∩.∩.∩..#≈≈#####.#####..##
##∩.∩.∩.∩.#≈##.###'###.##..#
##.∩...∩.∩#≈#...##.##.#.#..#
##∩.....∩.'≈'.#.'.<.'##.'..#
##.......∩#≈#.).##.###..#...
#▓▓▓▓▓▓▓###@##.###'###.##...
##?aG######y≈####.#.####≈≈..
#?$a#GG ##≈≈≈#.###.# ≈≈≈≈
#∩P(+G.# #'#≈##.#.## ≈≈≈≈
#%.$#)##≈ #%#≈≈##§## ≈≈≈§≈
#%..###≈≈ ### ≈≈≈≈≈≈ ≈§≈
+++#'''# ..§..# §§.§..#


You could see a great orb of eyes and a vampire mosquito.

Vanquished Creatures
  A merfolk siren (D)
  2 hippogriffs (D)
  Menkaure (D)
  A neqoxec (D)
  A crocodile (D)
  4 worker ants (D)
10 creatures vanquished.

Vanquished Creatures (others)
  3 neqoxecs (D)
3 creatures vanquished.

Grand Total: 13 creatures vanquished

Notes
Turn   | Place    | Note
-------+----------+-------------------------------------------
     0 | D        | vatarom the Demonspawn Gladiator began the quest for the Orb.
     0 | D        | Reached XP level 1. HP: 16/16 MP: 1/1
     1 | D        | Noticed a neqoxec
     4 | D        | Noticed a quasit
     4 | D        | Noticed a crimson imp
    14 | D        | Noticed a crimson imp
    14 | D        | Noticed an iron imp
    14 | D        | Gained mutation: You are weak. (Str -2) [a neqoxec]
    15 | D        | Killed a neqoxec
    15 | D        | Reached skill level 5 in Fighting
    15 | D        | Reached skill level 6 in Staves
    15 | D        | Reached skill level 5 in Dodging
    15 | D        | Gained mutation: You are partially covered in icy blue scales. (AC +2) [demonic ancestry]
    15 | D        | Reached XP level 2. HP: 21/27 MP: 2/2
    15 | D        | Gained mutation: You have sharp fingernails. [demonic ancestry]
    15 | D        | Reached XP level 3. HP: 26/33 MP: 3/3
    15 | D        | Reached XP level 4. HP: 31/39 MP: 4/4
    26 | D        | Noticed a crocodile
    29 | D        | Killed a crocodile
    29 | D        | Reached skill level 7 in Staves
    29 | D        | Reached XP level 5. HP: 17/44 MP: 5/5
    37 | D        | Killed a neqoxec
    45 | D        | Killed a neqoxec
    93 | D        | Killed a neqoxec
   230 | D        | Noticed Menkaure
   231 | D        | Noticed Roxanne
   243 | D        | Killed Menkaure
   243 | D        | Reached skill level 8 in Staves
   243 | D        | Gained mutation: You have very sharp fingernails. [demonic ancestry]
   243 | D        | Reached XP level 6. HP: 37/53 MP: 6/6
   325 | D        | Noticed a hippogriff
   325 | D        | Noticed a hippogriff
   340 | D        | Killed a hippogriff
   340 | D        | Reached skill level 9 in Staves
   354 | D        | Killed a hippogriff
   354 | D        | Reached skill level 10 in Staves
   354 | D        | Reached XP level 7. HP: 26/62 MP: 7/7
   541 | D        | Noticed an obsidian statue
   553 | D        | Noticed a merfolk siren
   745 | D        | Killed a merfolk siren
   745 | D        | Reached skill level 11 in Staves
   745 | D        | Reached XP level 8. HP: 69/71 MP: 8/8
   749 | D        | Found Ytta's Distillery.
   749 | D        | Found Rajiecwel's Antique Weapon Boutique.
   749 | D        | Found Vonaom's Antique Armour Shop.
   749 | D        | Found Viliux's Gadget Shop.
   749 | D        | Found Esusoac's Armour Boutique.
   749 | D        | Found Careytz's Food Boutique.
   749 | D        | Found Ecsuing's Armour Shop.
   750 | D        | Found Qenniho's Magic Scroll Shop.
   751 | D        | Found Fitotiesch's Jewellery Shop.
   751 | D        | Found Oqikupe's Antique Armour Boutique.
   752 | D        | Found Refir's Weapon Boutique.
   752 | D        | Noticed a great orb of eyes
   753 | D        | Found Eqoats's Distillery.
   753 | D        | Found Luduty's Book Boutique.
   753 | D        | Noticed an oklob plant
   758 | D        | Found Futono's Book Shop.
   758 | D        | Found Sutobbutt's Jewellery Boutique.
   758 | D        | Found Ywyufep's Book Shoppe.
   762 | D        | Noticed a shining eye
   763 | D        | Noticed a shining eye
   765 | D        | Noticed a shining eye
   773 | D        | Bought a warped ring mail for 162 gold pieces
   783 | D        | Identified the cursed +0 ring mail of the Guilds {+Fly rElec MR-} (You bought it in a shop in the Dungeon)
   847 | D        | HP: 1/71 [vampire mosquito (9)]
   848 | D        | Slain by a vampire mosquito

Vault maps used:
D:        the_violet_keep_of_menkaure

Skill      XL: |  1  2  3  4  5  6  7 |
---------------+----------------------+-----
Fighting       | 5 6 8 9 |  9.1
Staves         | 6 7 8 10 11 | 11.6
Dodging        | 5 6 7 8 |  8.5
Throwing       | |  1.7

Action                   |  1- 3 |  4- 6 |  7- 9 || total
-------------------------+-------+-------+-------++-------
Melee: Quarterstaff      |    11 |    34 |    65 ||   110
  Use: Potion            |     1 |     2 |       ||     3
Armor: Leather armour    |     1 |     8 |     6 ||    15
Dodge: Dodged            |     1 |    25 |    43 ||    69

Table legend:
 A = Spawn XP
 B = Non-spawn XP
 C = Spawn XP percentage of total XP
 D = Spawn monster count
 E = Non-spawn monster count
 F = Spawn count percentage of total count
 G = Total turns spent on level
                    A         B        C        D         E        F      G
               +---------+---------+-------+---------+---------+-------+---------
         Total |       0 |    1478 |   0.0 |       0 |      10 |   0.0 |   848
               +---------+---------+-------+---------+---------+-------+---------
             D |       0 |    1478 |   0.0 |       0 |      10 |   0.0 |   848
               +---------+---------+-------+---------+---------+-------+---------
